 Dungeon Crawl Stone Soup version 0.30-a0-1103-g25895a7845 (webtiles) character file.

Game seed: 2970400182281903064

8692 Orangeyouglad the Ducker (level 11, -8/85 HPs)
             Began as a Human Reaver on Apr 19, 2023.
             Was a Believer of the Shining One.
             Killed from afar by a rime drake (20 damage)
             ... with an icy flash freeze
             ... on level 10 of the Dungeon.
             The game lasted 00:33:36 (10820 turns).

Orangeyouglad the Ducker (Human Reaver)            Turns: 10820, Time: 00:33:37

Health: -8/85      AC: 15    Str: 15    XL:     11   Next: 60%
Magic:  1/15       EV: 13    Int: 16    God:    the Shining One [**....]
Gold:   355        SH:  5    Dex: 11    Spells: 7/15 levels left

rFire   . . .      SeeInvis .    v - +4 flail
rCold   . . .      Faith    .    (no shield)
rNeg    + . .      Spirit   .    j - +0 ring mail
rPois   .          Reflect  +    z - +1 helmet
rElec   .          Rampage  .    K - +2 cloak {Will+}
rCorr   .                        (no gloves)
Will    ++...                    (no boots) Stlth
                                 y - amulet of the Locust {Reflect Regen+ SH+5}
HPRegen 1.14/turn                r - ring of willpower
MPRegen 0.14/turn                m - +4 ring of protection

@: immotile, glowing
A: no striking features
a: Renounce Religion, Divine Shield


You were on level 10 of the Dungeon.
You worshipped the Shining One.
The Shining One was pleased with you.
You visited 2 branches of the dungeon, and saw 12 of its levels.

You collected 493 gold pieces.
You spent 138 gold pieces at shops.

Inventory:

Hand Weapons
 a - a +0 falchion
 v - a +4 flail (weapon)
Missiles
 J - 3 boomerangs (quivered)
Armour
 b - a +0 leather armour
 j - a +0 ring mail (worn)
 l - a +0 kite shield
 z - a +1 helmet (worn)
 K - a +2 cloak of willpower (worn)
Jewellery
 d - a ring of flight
 h - a ring of fire
 m - a +4 ring of protection (right hand)
 r - a ring of willpower (left hand)
 y - the amulet of the Locust (around neck) {Reflect Regen+ SH+5}
   (You found it on level 4 of the Dungeon)

   [amulet of reflection]

   It reflects blocked missile attacks.
   Regen:     It increases your rate of health regeneration.
   SH:        It affects your SH (+5).
 C - a ring of ice
 L - the ring "Myrch" {Will- MP+9 Slay+4 SInv}
   (You found it on level 6 of the Dungeon)

   [ring of magical power]

   Slay:      It affects your accuracy & damage with ranged weapons and melee
   (+4).
   MP:        It affects your magic capacity (+9).
   SInv:      It lets you see invisible.
   Will:      It decreases your willpower.
 N - a ring of resist corrosion
 S - a ring of poison resistance
Wands
 A - a wand of polymorph (12)
 B - a wand of flame (11)
Scrolls
 f - 2 scrolls of immolation
 i - a scroll of brand weapon {unknown}
 n - 5 scrolls of fear
 o - 3 scrolls of enchant weapon {unknown}
 t - a scroll of enchant armour
 u - 2 scrolls of poison {unknown}
 w - 2 scrolls of summoning {unknown}
 D - a scroll of vulnerability {unknown}
 E - a scroll of amnesia {unknown}
 F - 3 scrolls of torment {unknown}
 H - 6 scrolls of teleportation
Potions
 c - 5 potions of attraction
 g - a potion of mutation
 k - 4 potions of curing
 p - a potion of cancellation {unknown}
 q - a potion of flight {unknown}
 s - 3 potions of lignification
 x - 3 potions of ambrosia
 G - a potion of might {unknown}
 I - a potion of resistance {unknown}
 M - a potion of berserk rage {unknown}
 O - a potion of degeneration {unknown}
Miscellaneous
 R - a lightning rod (inert)


   Skills:
 + Level 7.7 Fighting
 - Level 3.5 Long Blades
 + Level 7.1 Maces & Flails
 + Level 4.9 Armour
 + Level 7.8 Dodging
 + Level 2.8 Spellcasting
 - Level 7.2 Conjurations
 - Level 4.0 Translocations
 - Level 4.0 Transmutations
 - Level 4.0 Ice Magic
 + Level 2.1 Invocations


You had 7 spell levels left.
You knew the following spells:

 Your Spells              Type           Power      Damage    Failure   Level
a - Kiss of Death         Conj/Necr      52%        2d9       8%          1
b - Momentum Strike       Conj/Tloc      40%        3d9       5%          2
c - Wereblood             Tmut           15%        N/A       10%         2
d - Hailstorm             Conj/Ice       20%        3d6       11%         3

Your spell library contained the following spells:

 Spells                   Type           Power      Damage    Failure   Level
 Apportation              Tloc           30%        N/A       7%          1
 Beastly Appendage        Tmut           30%        N/A       7%          1
 Shock                    Conj/Air       52%        1d6       8%          1
 Static Discharge         Conj/Air       26%        2-4/arc   12%         2
 Ensorcelled Hibernation  Hex/Ice        16%        N/A       24%         2
 Necrotise                Necr           8%         1d4       34%         1
 Summon Small Mammal      Summ           8%         N/A       34%         1
 Spider Form              Tmut/Pois      8%         N/A       43%         3
 Swiftness                Air            2%         N/A       71%         3
 Airstrike                Air            1%         2d(1-17)  98%         4
 Anguish                  Hex/Necr       1%         N/A       98%         4
 Animate Dead             Necr           2%         N/A       98%         4
 Summon Lightning Spire   Summ/Air       2%         N/A       98%         4
 Borgnjor's Vile Clutch   Necr/Erth      1%         N/A       100%        5
 Death Channel            Necr           1%         N/A       100%        6


Dungeon Overview and Level Annotations

Branches:
Dungeon (11/15)            Temple (1/1) D:6             Orc (0/2) D:9
   Lair: D:8-11

Altars:
Ashenzari
Cheibriados
Dithmenos
Elyvilon
Fedhas
Gozag
Hepliaklqana
Kikubaaqudgha
Makhleb
Nemelex Xobeh
Okawaru
Qazlal
Ru
Sif Muna
Trog
Uskayaw
Vehumet
Wu Jian
Xom
Yredelemnul
Zin
The Shining One

Shops:
D:3 ?   D:8 (   D:9 (   D:10 ?

Portals:
Abyss: D:9

Annotations:
D:6 1 runed translucent door, BlasphemerAmon's ghost, novice GnFi
D:7 2 runed translucent doors, soul19's ghost, novice DsFi
D:8 Maggie
D:9 2 transporters, Pimp's ghost, novice DrFi


Message History

Okay, then.
Aiming: Polymorph
Press: ? - help, Shift-Dir - straight line, f - rime drake
Aim: a rime drake (moderately wounded, catching its breath, haloed, will become an acid dragon, a wyvern, or a harpy, chance to affect: 49%)
Okay, then.
Unknown command.
Okay, then.
Okay, then.
Hit: v) +4 flail
Press: ? - help, Dir - move target, f - rime drake
Aim: a rime drake (moderately wounded, catching its breath, haloed, about 25% to evade your +4 flail)
Okay, then.
Casting: Momentum Strike (safe; 5% risk of failure)
Confirm with . or Enter, or press ? or * to list all spells.
Aiming: Momentum Strike (safe; 5% risk of failure)
Press: ? - help, Dir - move target, f - rime drake
Aim: a rime drake (moderately wounded, catching its breath, haloed, 76% to hit)
The concentrated momentum hits the rime drake!!
The rime drake is almost dead.
You are unable to move.
The rime drake completely misses you.
Okay, then.
Aiming: Throw Flame
Press: ? - help, Shift-Dir - straight line, f/p - rime drake
Aim: a rime drake (almost dead, catching its breath, haloed, 74% to hit)
Okay, then.
Unknown command.
Press: ? - help, v - describe, . - travel
Here: a rime drake (almost dead, catching its breath, haloed)
The floor.
You barely miss the rime drake.
The rime drake is almost dead.
The ice encasing you melts away. The rime drake misses you.
You closely miss the rime drake.
The rime drake is almost dead.
The rime drake bites you.
* * * LOW HITPOINT WARNING * * *
The rime drake breathes ice at you. The icy flash freeze hits you!!
You die...

#...# ######'##
#.......# #
#.......# #
#.......# ##
#.......# #.
#.......#########.
#k......'.......'.
#@......#########.
#.......# ##
#.......#
##.####.##
##'##...## #
##∩#.....# #
####.....# #
###......# ##
#......# #.


You could see a rime drake (catching breath).

Vanquished Creatures
  3 two-headed ogres
  A manticore (D:11)
  Maurice (D:9)
  An unseen horror (D:10)
  A komodo dragon (D:10)
  A kobold demonologist (D:11)
  2 polar bears (D:11)
  Prince Ribbit (D:9)
  3 shadows
  A wraith (D:11)
  2 wyverns
  An acid dragon (D:10)
  6 orc warriors
  5 ice beasts
  A sky beast (D:7)
  2 ogres
  2 wolves (D:11)
  A centaur (D:7)
  3 phantoms
  4 kobold brigands
  2 bullfrogs (D:8)
  2 scorpions
  A gnoll sergeant (D:11)
  6 killer bees
  5 howler monkeys
  4 hounds
  8 orc priests
  A gnoll bouda (D:9)
  A sleepcap (D:5)
  3 iguanas
  10 orc wizards
  17 gnolls
  6 adders
  2 shadow imps (D:8)
  2 white imps (D:8)
  3 ufetubi
  A worm (D:3)
  7 dart slugs
  38 orcs
  4 ball pythons
  9 endoplasms
  2 giant cockroaches (D:2)
  5 hobgoblins
  2 jackals (D:2)
  17 kobolds
  4 quokkas
  5 bats
  4 frilled lizards
  2 goblins (D:3)
  3 rats
218 creatures vanquished.

Vanquished Creatures (others)
  13 plants (D:4)
13 creatures vanquished.

Grand Total: 231 creatures vanquished

Notes
Turn   | Place    | Note
-------+----------+-------------------------------------------
     0 | D:1      | Orangeyouglad the Human Reaver began the quest for the Orb.
     0 | D:1      | Reached XP level 1. HP: 16/16 MP: 3/3
   183 | D:1      | Reached XP level 2. HP: 17/22 MP: 5/5
   491 | D:1      | Found a faded altar of an unknown god.
   878 | D:2      | Reached XP level 3. HP: 22/24 MP: 2/6
   951 | D:2      | Learned a level 2 spell: Momentum Strike
  1159 | D:2      | Found an ancient bone altar of Kikubaaqudgha.
  1223 | D:2      | Reached XP level 4. HP: 27/33 MP: 7/7
  1624 | D:2      | Learned a level 2 spell: Wereblood
  1685 | D:3      | Found Usurudgh's Magic Scroll Shoppe.
  1887 | D:3      | Bought a scroll of identify for 24 gold pieces
  1930 | D:3      | Reached XP level 5. HP: 32/39 MP: 8/8
  1965 | D:3      | Noticed a phantom
  1978 | D:3      | Killed a phantom
  1979 | D:3      | Reached skill level 1 in Maces & Flails
  1979 | D:3      | Reached skill level 1 in Translocations
  2080 | D:3      | Reached XP level 6. HP: 47/47 MP: 9/9
  2617 | D:4      | Identified the amulet of the Locust {Reflect Regen+ SH+5}
  3031 | D:4      | Found a white marble altar of Elyvilon.
  3635 | D:4      | Reached XP level 7. HP: 52/52 MP: 10/10
  4011 | D:5      | Entered Level 5 of the Dungeon
  4572 | D:5      | Reached XP level 8. HP: 58/60 MP: 11/11
  4584 | D:5      | Reached skill level 1 in Transmutations
  5871 | D:6      | Found a runed translucent door.
  5871 | D:6      | Noticed BlasphemerAmon's ghost (novice GnFi)
  5923 | D:6      | Identified the ring "Myrch" {Will- MP+9 Slay+4 SInv}
  5951 | D:6      | Found a staircase to the Ecumenical Temple.
  5961 | Temple   | Entered the Ecumenical Temple
  6181 | Temple   | Became a worshipper of the Shining One
  6357 | D:7      | Noticed a wyvern
  6376 | D:7      | Killed a wyvern
  6377 | D:7      | Reached skill level 5 in Fighting
  6377 | D:7      | Reached skill level 5 in Dodging
  6377 | D:7      | Reached XP level 9. HP: 47/68 MP: 9/12
  6442 | D:7      | Found a large runed translucent door.
  6444 | D:7      | Found a large runed translucent door.
  6460 | D:7      | Noticed soul19's ghost (novice DsFi)
  6612 | D:7      | Reached skill level 5 in Conjurations
  6910 | D:7      | Noticed a two-headed ogre
  6929 | D:7      | Killed a two-headed ogre
  6930 | D:7      | Reached skill level 5 in Maces & Flails
  7351 | D:8      | Learned a level 3 spell: Hailstorm
  7397 | D:8      | Reached * piety under the Shining One
  7703 | D:8      | Found Juphom's Weapon Boutique.
  7850 | D:9      | Found a transporter.
  7855 | D:9      | Noticed Prince Ribbit
  7921 | D:9      | Reached skill level 1 in Armour
  7921 | D:9      | Reached skill level 1 in Ice Magic
  7921 | D:9      | Reached XP level 10. HP: 65/76 MP: 11/13
  8220 | D:9      | Killed Prince Ribbit
  8297 | D:9      | Found Voshrosh's Weapon Shop.
  8324 | D:9      | Found a staircase to the Orcish Mines.
  8364 | D:9      | Found a transporter.
  8516 | D:9      | Identified the +1 mace of Trauma {freeze, *Slow rElec
                  | Dex+5}
  8586 | D:9      | Noticed a brown ugly thing
  8614 | D:9      | Noticed a toenail golem
  8632 | D:9      | Noticed a thrashing horror
  8847 | D:9      | Reached ** piety under the Shining One
  8882 | D:9      | Noticed Maurice
  8903 | D:8      | Noticed Maggie
  8913 | D:8      | Noticed a cyan ugly thing
  8940 | D:9      | Killed Maurice
  9079 | D:9      | Found a one-way gate to the infinite horrors of the Abyss.
  9095 | D:9      | Noticed Pimp's ghost (novice DrFi)
  9213 | D:10     | Entered Level 10 of the Dungeon
  9234 | D:10     | Noticed an unseen horror
  9263 | D:10     | Killed an unseen horror
  9345 | D:10     | Noticed a komodo dragon
  9369 | D:10     | Noticed a two-headed ogre
  9375 | D:10     | Killed a two-headed ogre
  9423 | D:10     | Killed a komodo dragon
  9424 | D:10     | Reached XP level 11. HP: 41/84 MP: 12/14
  9539 | D:10     | Found Soastig's Magic Scroll Emporium.
  9700 | D:10     | Bought a scroll of identify for 24 gold pieces
  9700 | D:10     | Bought a scroll of enchant armour for 90 gold pieces
  9792 | D:10     | Noticed a two-headed ogre
  9803 | D:10     | Killed a two-headed ogre
 10244 | D:11     | Noticed a soul eater
 10492 | D:11     | Reached skill level 1 in Invocations
 10604 | D:11     | Noticed a manticore
 10622 | D:11     | Killed a manticore
 10815 | D:11     | HP: 3/85 [rime drake/icy flash freeze (17)]
 10820 | D:10     | Killed from afar by a rime drake

Illustrated notes

Levels and vault maps discovered:
D:1:      heliophobic_arrival_ceremonial_halls, layout_basic,
          shapermc_ecumenical_altar_ellora
D:2:      layout_basic, basic_altar
D:3:      layout_loops_ring, serial_shops, shop, minmay_close_crescents
D:4:      layout_basic, nicolae_elyvilon_temple_path
D:5:      layout_basic
D:6:      layout_basic, minmay_temple_entry_fiery, ebering_ghost_inner_flame
D:7:      layout_loops_ring, ebering_ghost_disaster_area,
          chequers_serial_rivers_large_a
D:8:      minmay_klotski, layout_loops_ring, serial_demonic, serial_demonic_a,
          serial_demonic_a, serial_demonic_a, serial_demonic_f, serial_shops,
          shop, dk_noncrumbling_3, uniq_maggie
D:9:      layout_stronghold, orc_0_dummy, gammafunk_ghost_abyssal_escape,
          serial_shops, nicolae_shop_waterfront, uniq_prince_ribbit1,
          uniq_maurice
D:10:     layout_roguey, serial_shops, nicolae_shop_tiny_glass
D:11:     layout_loops_ring, hellmonk_lair_entry_icy, gammafunk_ghost_ooze,
          hangedman_ranch
Temple:   mainiacjoe_temple_archimedes_tessellation

Skill      XL: |  1  2  3  4  5  6  7  8  9 10 11 |
---------------+----------------------------------+-----
Fighting       | 3 4 5 6 7 |  7.7
Maces & Flails | 1 2 4 5 6 7 |  7.1
Dodging        | 3 4 5 6 7 |  7.8
Translocations | 1 2 4 |  4.0
Conjurations   | 4 5 6 7 |  7.2
Transmutations | 2 4 |  4.0
Armour         | 1 3 4 |  4.9
Ice Magic      | 1 3 4 |  4.0
Invocations    | 2 |  2.1
Long Blades    | |  3.5
Spellcasting   | |  2.8

Action                     |  1- 3 |  4- 6 |  7- 9 | 10-12 || total
---------------------------+-------+-------+-------+-------++-------
  Melee: Falchion          |   103 |    50 |       |       ||   153
         Flail             |       |    93 |   261 |   281 ||   635
         Punch             |       |     2 |     6 |     5 ||    13
  Throw: Boomerang         |       |       |       |     4 ||     4
   Cast: Kiss of Death     |     1 |       |       |       ||     1
         Momentum Strike   |       |     3 |    19 |    12 ||    34
         Wereblood         |       |       |     3 |     9 ||    12
         Hailstorm         |       |       |       |    13 ||    13
 Invoke: Divine Shield     |       |       |       |     2 ||     2
  Evoke: Wand              |       |       |    13 |    25 ||    38
         Lightning rod     |       |       |       |     5 ||     5
    Use: Scroll            |       |     2 |     3 |     5 ||    10
         Potion            |       |     1 |     1 |     3 ||     5
 Armour: Leather armour    |    23 |       |       |       ||    23
         Ring mail         |    24 |    80 |   117 |   155 ||   376
         Skin              |       |     4 |       |       ||     4
  Dodge: Dodged            |    87 |    87 |   150 |   214 ||   538
  Block: Other             |       |       |    74 |    83 ||   157
         Reflection        |       |       |     1 |     1 ||     2

Table legend: (Time is in decaauts)
 A = Elapsed time spent in this place.
 B = Non-inter-level travel time spent in this place.
 C = Inter-level travel time spent in this place.
 D = Time resting spent in this place.
 E = Time spent auto-exploring this place.
 F = Levels seen in this place.
 G = Mean time per level.
                   A        B        C        D        E       F      G
               +--------+--------+--------+--------+--------+-----+--------+
         Total |  10963 |  10170 |    793 |    769 |   6550 |  12 |  913.6 |
       Dungeon |  10711 |   9962 |    749 |    769 |   6373 |  11 |  973.7 |
        Temple |    251 |    207 |     44 |      0 |    177 |   1 |  251.0 |
               +--------+--------+--------+--------+--------+-----+--------+

Top non-repeatable levels by time:
     D:4: 1475 daAuts
     D:5: 1315 daAuts
     D:9: 1100 daAuts
    D:10: 1003 daAuts
     D:7: 1001 daAuts
     D:3: 902 daAuts
     D:8: 875 daAuts
     D:2: 868 daAuts
     D:1: 864 daAuts
     D:6: 689 daAuts
    D:11: 613 daAuts
  Temple: 251 daAuts
